 Dungeon Crawl Stone Soup version 0.27.1-2-g3b301248ec (webtiles) character file.

Game seed: 12418153720966610499

1183 dredge the Carver (level 8, 0/109 HPs)
             Began as a Minotaur Berserker on Sept 24, 2021.
             Was a Priest of Trog.
             Slain by a killer bee (1 damage)
             ... on level 6 of the Dungeon.
             The game lasted 00:14:16 (4846 turns).

dredge the Carver (Minotaur Berserker)              Turns: 4846, Time: 00:14:17

Health: 0/109      AC: 12    Str: 22    XL:     8   Next: 19%
Magic:  7/7        EV:  7    Int:  4    God:    Trog [***...]
Gold:   245        SH:  0    Dex: 12    Spells: 7/7 levels left

rFire    . . .     SeeInvis .   q - +0 great sword
rCold    . . .     Faith    .   (shield currently unavailable)
rNeg     . . .     Spirit   .   d - +0 plate armour
rPois    .         Reflect  .   (helmet restricted)
rElec    .         Harm     .   (no cloak)
rCorr    .         Rampage  .   (no gloves)
Will     .....                  (no boots)
Stlth    ..........             i - amulet of regeneration
HPRegen  1.28/turn              (no ring)
MPRegen  0.10/turn              (no ring)

@: berserking, lethally poisoned (0 -> -5), very quick
A: horns 2, retaliatory headbutt
a: Renounce Religion, Berserk, Trog's Hand


You were on level 6 of the Dungeon.
You worshipped Trog.
Trog was most pleased with you.
You visited 1 branch of the dungeon, and saw 6 of its levels.

You collected 293 gold pieces.
You spent 48 gold pieces at shops.

Inventory:

Hand Weapons
 a - a +0 falchion
 q - a +0 great sword (weapon)
Missiles
 p - 2 boomerangs of dispersal (quivered)
 u - 2 boomerangs
Armour
 d - a +0 plate armour (worn)
Jewellery
 i - an amulet of regeneration (around neck)
Wands
 j - a wand of iceblast (8)
 n - a wand of paralysis (5)
 t - a wand of mindburst (12)
Scrolls
 b - 2 scrolls of noise {unknown}
 c - a scroll of enchant weapon {unknown}
 e - 2 scrolls of identify
 g - 2 scrolls of fear {unknown}
 k - a scroll of teleportation {unknown}
 v - a scroll of holy word {unknown}
 w - a scroll of brand weapon {unknown}
Potions
 f - a potion of curing
 h - a potion of magic {unknown}
 m - 2 potions of resistance {unknown}
 o - 2 potions of lignification {unknown}
 r - a potion of degeneration {unknown}
 s - a potion of cancellation {unknown}


   Skills:
 * Level 7.0 Fighting
 + Level 8.4 Long Blades
 + Level 6.4 Armour
 + Level 3.0 Dodging
 - Level 0.3 Stealth


You had 7 spell levels left.
You didn't know any spells.
Your spell library contained the following spells:

 Spells                   Type           Power      Damage    Failure   Level
 Freeze                   Ice            0%         1d3       100%        1
 Shock                    Conj/Air       0%         1d3       100%        1
 Sublimation of Blood     Necr           0%         N/A       100%        2
 Wereblood                Tmut           0%         N/A       100%        2
 Frozen Ramparts          Ice            0%         1d2       100%        3
 Swiftness                Air            0%         N/A       100%        3
 Airstrike                Air            0%         N/A       100%        4
 Hailstorm                Conj/Ice       0%         3d3       100%        4
 Summon Hydra             Summ           0%         N/A       100%        7


Dungeon Overview and Level Annotations

Branches:
Dungeon (6/15)             Temple (0/1) D:4

Altars:

Shops:
D:1 ?   D:3 *


Innate Abilities, Weirdness & Mutations

You have a pair of horns on your head.
You reflexively headbutt those who attack you in melee.


Message History

The ice beast hits you but does no damage.
You feel much better.
* * * LOW HITPOINT WARNING * * *
You feel extremely sick. The killer bee closely misses you.
The killer bee stings you but does no damage. x2
The killer bee barely misses you. The iguana barely misses you.
You furiously retaliate!
You headbutt the iguana.
The water moccasin bites you but does no damage.
The killer bee stings you.
* * * LOW HITPOINT WARNING * * *
The killer bee stings you but does no damage.
The ice beast barely misses you.
You feel better. The killer bee barely misses you.
The killer bee stings you. x2
The water moccasin bites you but does no damage.
The ogre barely misses you. You furiously retaliate!
You headbutt the ogre.
You riposte.
You slice the ogre!!
You headbutt the ogre, but do no damage.
The ogre is almost dead.
The killer bee stings you but does no damage.
The iguana bites you.
* * * LOW HITPOINT WARNING * * *
The killer bee closely misses you. You furiously retaliate!
You headbutt the killer bee.
You riposte.
You miss the killer bee.
The killer bee is moderately wounded.
The killer bee stings you but does no damage.
The water moccasin barely misses you. The ice beast hits you.
* * * LOW HITPOINT WARNING * * *
The ice beast freezes you!
* * * LOW HITPOINT WARNING * * *
A red film seems to cover your vision as you go berserk!
You feel yourself moving faster!
You feel mighty! The killer bee stings you.
* * * LOW HITPOINT WARNING * * *
You are poisoned.
The killer bee poisons you! The killer bee stings you.
* * * LOW HITPOINT WARNING * * *
You are more poisoned.
The killer bee poisons you! The killer bee barely misses you.
The killer bee stings you.
You die...

#..#.....#.....###
#.....#....#.#.# #
#.....#...#..# ..
##...##.......# ##.
###.#####.###.# ....
#.....# .... .#
.....#..(..#.8.8.#.#
......lSy(....8....#
....#Y@O..#.8.8.#.
....#.yy..#.... #.#
###.### #.# .. ...
.. .... ..⌠...
.....#. #⌠...⌠#..


You could see a water moccasin, an ice beast, an ogre, an iguana and 3 killer
bees.

Vanquished Creatures
  2 black bears
  A sky beast (D:6)
  A necrophage (D:6)
  An ogre (D:5)
  A scorpion (D:5)
  A water moccasin zombie (D:5)
  A howler monkey (D:6)
  A centaur zombie (D:6)
  2 orc priests
  A bullfrog skeleton (D:6)
  A hound (D:6)
  A scorpion zombie (D:3)
  Ijyb (D:4)
  3 orc wizards
  A hound zombie (D:5)
  A hound skeleton (D:5)
  7 adders
  10 gnolls
  4 worms
  2 dart slugs
  20 orcs
  12 ball pythons
  7 endoplasms
  6 giant cockroaches
  6 goblins
  4 hobgoblins
  2 jackals (D:3)
  4 quokkas
  8 bats
  3 frilled lizards (D:2)
  5 kobolds
  5 rats
125 creatures vanquished.

Notes
Turn   | Place    | Note
-------+----------+-------------------------------------------
     0 | D:1      | dredge the Minotaur Berserker began the quest for the Orb.
     0 | D:1      | Reached XP level 1. HP: 19/19 MP: 0/0
    80 | D:1      | Reached XP level 2. HP: 27/27 MP: 1/1
   115 | D:1      | Reached skill level 4 in Long Blades
   177 | D:1      | Found Piuby's Magic Scroll Emporium.
   511 | D:1      | Reached XP level 3. HP: 23/33 MP: 2/2
  1005 | D:2      | Reached ** piety under Trog
  1251 | D:2      | Found a faded altar of an unknown god.
  1469 | D:3      | Reached XP level 4. HP: 41/41 MP: 3/3
  1607 | D:3      | Found Hechiopn's Assorted Antiques.
  1610 | D:3      | Bought 2 sapphire potions for 48 gold pieces
  1863 | D:3      | Reached skill level 5 in Long Blades
  2033 | D:3      | Reached XP level 5. HP: 47/47 MP: 4/4
  2462 | D:4      | Found a staircase to the Ecumenical Temple.
  2464 | D:4      | Noticed Ijyb
  2469 | D:4      | Paralysed by Ijyb for 6 turns
  2479 | D:4      | Killed Ijyb
  2870 | D:4      | HP: 2/47 [something (3)]
  2888 | D:4      | Reached skill level 6 in Long Blades
  2892 | D:4      | Reached skill level 5 in Fighting
  2892 | D:4      | Reached XP level 6. HP: 20/56 MP: 5/5
  3607 | D:5      | Entered Level 5 of the Dungeon
  3877 | D:5      | Reached *** piety under Trog
  3944 | D:5      | Reached skill level 7 in Long Blades
  3944 | D:5      | Reached skill level 5 in Armour
  3944 | D:5      | Reached XP level 7. HP: 37/62 MP: 6/6
  4647 | D:6      | Reached skill level 8 in Long Blades
  4653 | D:6      | Reached XP level 8. HP: 71/71 MP: 7/7
  4677 | D:6      | HP: 2/68 [gnoll (7)]
  4846 | D:6      | HP: 1/109 [killer bee (6)]
  4846 | D:6      | Slain by a killer bee

Illustrated notes

Levels and vault maps discovered:
D:1:      nzn_arrival_crosshair, layout_loops_ring, serial_shops,
          nicolae_diamond_shop, hangedman_decor_opposing
D:2:      layout_rooms, shapermc_ecumenical_altar_starsandcircs
D:3:      layout_loops_ring, serial_shops, nicolae_shop_behind_doors,
          minmay_misc_feat_roman, saegor_snake_ambush
D:4:      layout_loops_ring, temple_fountains, uniq_ijyb
D:5:      layout_loops_corners, kennysheep_cross_room
D:6:      layout_loops_ring, moated_statue, minmay_chambers_of_fives

Skill      XL: |  1  2  3  4  5  6  7  8 |
---------------+-------------------------+-----
Long Blades    | 4 5 6 7 8 |  8.4
Fighting       | 4 5 6 7 |  7.0
Armour         | 3 4 5 6 |  6.4
Dodging        | 3 |  3.0
Stealth        | |  0.3

Action                   |  1- 3 |  4- 6 |  7- 9 || total
-------------------------+-------+-------+-------++-------
Melee: Falchion          |    77 |   184 |    24 ||   285
       Headbutt          |    16 |    28 |    24 ||    68
       Great sword       |       |       |    69 ||    69
Invok: Berserk           |       |     1 |     1 ||     2
       Trog's Hand       |       |     1 |       ||     1
  Use: Scroll            |       |       |     2 ||     2
       Potion            |       |       |     4 ||     4
 Stab: Sleeping          |     1 |       |       ||     1
Armor: Animal skin       |     6 |       |       ||     6
       Robe              |     2 |       |       ||     2
       Plate armour      |    36 |   105 |   103 ||   244
Dodge: Dodged            |    48 |    71 |    53 ||   172
       Rpst.: Falchion   |    14 |    20 |     1 ||    35
       Great sword       |       |       |    11 ||    11
